 Dungeon Crawl Stone Soup version 0.31-a0-1101-g9ad1905e61 (webtiles) character file.

Game seed: 12975155545406204309

518 gruber the Skirmisher (level 7, -2/56 HPs)
             Began as a Minotaur Hunter on Dec 1, 2023.
             Slain by an orc priest
             ... wielding a +2 flail of venom
              (6 damage)
             ... on level 3 of the Dungeon.
             The game lasted 00:03:46 (3065 turns).

gruber the Skirmisher (Minotaur Hunter)             Turns: 3065, Time: 00:03:46

Health: -2/56      AC:  4    Str: 15    XL:     7   Next: 1%
Magic:  6/6        EV: 13    Int:  6    God:
Gold:   471        SH:  0    Dex: 16    Spells: 6/6 levels left

rFire   . . .        a - +0 shortbow
rCold   . . .        (shield currently unavailable)
rNeg    . . .        c - +0 leather armour
rPois   .            (helmet restricted)
rElec   .            (no cloak)
rCorr   .            k - +0 pair of gloves
SInv    .            (no boots)
Will    .....        (no amulet)
Stlth   +            (no ring)
HPRegen 0.29/turn    (no ring)
MPRegen 0.10/turn

%: no passive effects
@: brilliant, lethally poisoned (-2 -> -13)
A: horns 2, retaliatory headbutt
a: no special abilities


You were on level 3 of the Dungeon.
You visited 1 branch of the dungeon, and saw 4 of its levels.
You also visited: Ossuary.

You collected 471 gold pieces.

Inventory:

Hand Weapons
 a - a +0 shortbow (weapon)
Armour
 c - a +0 leather armour (worn)
 k - a +0 pair of gloves (worn)
Jewellery
 p - a ring of positive energy
Wands
 s - a wand of charming (11)
 t - a wand of polymorph (5)
Scrolls
 b - a scroll of butterflies
 d - 2 scrolls of revelation {unknown}
 e - 2 scrolls of poison {unknown}
 g - 3 scrolls of teleportation {unknown}
 i - 5 scrolls of identify {unknown}
 m - 2 scrolls of fear {unknown}
 n - 2 scrolls of vulnerability {unknown}
 o - 2 scrolls of immolation {unknown}
 q - a scroll of torment {unknown}
 r - a scroll of enchant armour {unknown}
 x - a scroll of noise {unknown}
Potions
 f - 2 potions of degeneration {unknown}
 h - a potion of enlightenment {unknown}
 j - a potion of berserk rage {unknown}
 l - 2 potions of brilliance
 u - a potion of might {unknown}
 v - a potion of cancellation {unknown}
 w - 3 potions of attraction {unknown}
 z - a potion of ambrosia {unknown}
 A - a potion of curing {unknown}


   Skills:
 - Level 2.4 Fighting
 - Level 9.0 Ranged Weapons
 * Level 3.2 Dodging
 - Level 0.7 Stealth


You had 6 spell levels left.
You didn't know any spells.
Your spell library contained the following spells:

 Spells                   Type           Power      Damage    Failure   Level
 Shock                    Conj/Air       0%         1d3       52%         1
 Swiftness                Air            0%         N/A       88%         3
 Airstrike                Air            0%         2d(0-16)  99%         4


Dungeon Overview and Level Annotations

Branches:
Dungeon (4/15)            Ossuary (visited)
 Temple: D:4-7

Altars:
Elyvilon
Hepliaklqana
Kikubaaqudgha
Ru
Sif Muna
Trog
Xom


Innate Abilities, Weirdness & Mutations

You have a pair of horns on your head.
You reflexively headbutt those who attack you in melee.


Message History

Press: ? - help, Shift-Dir - straight line, f/p - orc priest
Aim: an orc priest, wielding a +2 flail of venom and wearing a +0 scale mail (69% to hit)
Unknown command.
There is a stone staircase leading up here.
You shoot an arrow. The arrow hits the orc priest.
The orc priest is lightly wounded.
You shoot an arrow. The arrow barely misses the orc priest.
The orc priest hits you with a +2 flail of venom.
You are poisoned.
You climb upwards.
You feel very sick.
There is a stone staircase leading down here.
Unknown command.
Unknown command.
You shoot an arrow.
The arrow hits the orc priest but does no damage.
The orc priest is lightly wounded.
You feel sick.
The orc priest hits you with a +2 flail of venom!
You shoot an arrow. The arrow hits the orc priest.
The orc priest is heavily wounded.
You feel sick.
The orc priest hits you with a +2 flail of venom.
You are more poisoned.
You are too injured to fight recklessly!
You are too injured to fight recklessly!
You are too injured to fight recklessly!
You shoot an arrow.
The arrow hits the orc priest but does no damage.
The orc priest is heavily wounded.
You feel very sick.
The orc priest calls down the wrath of Beogh upon you.
Beogh smites you!
* * * LOW HITPOINT WARNING * * *
It was a potion of brilliance.
You feel clever all of a sudden.
* * * LOW HITPOINT WARNING * * *
You feel very sick.
The orc priest hits you with a +2 flail of venom.
You die...

##.....###.##.#.##..........#
#8.....8#.....#.##...####.#.#
##.....###.#..#.##...# #.#.#
##8...8##........#...####.#.#
##.....###...........#....#.#
#8.....8#.###....#.#.#.####.#
##.....##..##.##.#.#...# #.#
# 8...8
##....##.#....#####.### #
##>## #####...@.............#
# #####
#.......o<...#.#....#.# #
#..###########.###.._..####.#
#
#...>..............#.#......#
#
#.#.##########.#####.^.######
# #.#.# #.....# ##### # #.#.#
#.....# ###.#.# #.....#
.##.#.# #.....#


You could see an orc priest.

Vanquished Creatures
  A black bear (D:4)
  A centaur (D:4)
  8 mummies (Ossuary)
  5 adders
  11 gnolls
  A worm (D:2)
  3 dart slugs
  3 orcs
  6 endoplasms
  3 giant cockroaches (D:1)
  4 gnoll zombies (Ossuary)
  6 goblins
  7 hobgoblins
  7 quokkas
  4 ball pythons
  11 bats
  3 frilled lizards
  A hobgoblin zombie (Ossuary)
  8 kobolds
  A kobold zombie (Ossuary)
  2 orc zombies (Ossuary)
  4 rats
100 creatures vanquished.

Notes
Turn   | Place    | Note
-------+----------+-------------------------------------------
     0 | D:1      | gruber the Minotaur Hunter began the quest for the Orb.
     0 | D:1      | Reached XP level 1. HP: 18/18 MP: 0/0
   173 | D:1      | Reached XP level 2. HP: 25/25 MP: 1/1
   181 | D:1      | Reached skill level 5 in Ranged Weapons
   396 | D:1      | Reached XP level 3. HP: 30/30 MP: 2/2
   753 | D:2      | Reached skill level 6 in Ranged Weapons
   810 | D:2      | Reached XP level 4. HP: 37/37 MP: 3/3
  1104 | D:3      | Found a bloodstained altar of Trog.
  1352 | D:3      | Reached skill level 7 in Ranged Weapons
  1352 | D:3      | Reached XP level 5. HP: 42/42 MP: 4/4
  1472 | D:3      | Found a white marble altar of Elyvilon.
  1855 | D:4      | Noticed a centaur
  1877 | D:4      | Killed a centaur
  1878 | D:4      | Reached skill level 8 in Ranged Weapons
  1878 | D:4      | Reached XP level 6. HP: 7/50 MP: 5/5
  1957 | D:4      | Found a shimmering blue altar of Sif Muna.
  2265 | D:4      | Found a shimmering altar of Xom.
  2265 | D:4      | Found a sacrificial altar of Ru.
  2267 | D:4      | Found a hazy altar of Hepliaklqana.
  2273 | D:4      | Found an ancient bone altar of Kikubaaqudgha.
  2532 | D:4      | Found a sand-covered staircase.
  2536 | Ossuary  | Entered an ossuary
  2639 | Ossuary  | Reached skill level 9 in Ranged Weapons
  2928 | D:4      | Reached XP level 7. HP: 54/56 MP: 6/6
  3065 | D:3      | Slain by an orc priest

Illustrated notes

Levels and vault maps discovered:
D:1:      amcnicky_arrival_abandoned_market, layout_rooms
D:2:      layout_rooms, minmay_heptomino_h4
D:3:      layout_basic, lemuel_crystal_altar, nicolae_overflow_hidden_temple,
          kennysheep_generic_room_8
D:4:      layout_basic, kennysheep_mini, minitemple, serial_glass,
          glass_columns_a, glass_columns_c, nicolae_ossuary_entry_plus

Skill      XL: |  1  2  3  4  5  6 |
---------------+-------------------+-----
Ranged Weapons | 5 6 7 8 9 |  9.0
Dodging        | 3 |  3.2
Fighting       | |  2.4
Stealth        | |  0.7

Action                     |  1- 3 |  4- 6 |  7- 9 || total
---------------------------+-------+-------+-------++-------
   Fire: Shortbow          |   127 |   234 |    12 ||   373
    Use: Potion            |       |       |     1 ||     1
 Armour: Leather armour    |    15 |    74 |     4 ||    93
  Dodge: Dodged            |    23 |    73 |       ||    96

Table legend: (Time is in decaauts)
 A = Elapsed time spent in this place.
 B = Non-inter-level travel time spent in this place.
 C = Inter-level travel time spent in this place.
 D = Time resting spent in this place.
 E = Time spent auto-exploring this place.
 F = Levels seen in this place.
 G = Mean time per level.
                   A        B        C        D        E       F      G
               +--------+--------+--------+--------+--------+-----+--------+
         Total |   3095 |   2899 |    196 |    151 |   1949 |   5 |  619.0 |
       Dungeon |   2767 |   2571 |    196 |    148 |   1756 |   4 |  691.8 |
       Ossuary |    328 |    328 |      0 |      3 |    193 |   1 |  328.0 |
               +--------+--------+--------+--------+--------+-----+--------+

Top non-repeatable levels by time:
     D:4: 949 daAuts
     D:1: 754 daAuts
     D:3: 689 daAuts
     D:2: 374 daAuts
 Ossuary: 328 daAuts
